 Dungeon Crawl Stone Soup version 0.32-a0-644-ge89081b (webtiles) character file.

Game seed: 3193360370794517561

703 edsrzf the Basher (level 7, 0/55 HPs)
             Began as a Coglin Gladiator on Feb 29, 2024.
             Slain by an orc wizard
             ... wielding a +0 dagger
              (2 damage)
             ... on level 4 of the Dungeon on Mar 7, 2024.
             The game lasted 00:10:15 (3674 turns).

edsrzf the Basher (Coglin Gladiator)                Turns: 3674, Time: 00:10:15

Health: 0/55       AC:  4    Str: 15 (16) XL:     7   Next: 66%
Magic:  7/7        EV: 12    Int:  6 (8)  God:
Gold:   182        SH:  0    Dex: 12 (15) Spells: 6/6 levels left

rFire   . . .        a - +0 flail {Bianca}
rCold   . . .        b - +2 mace (protect) {Tae}
rNeg    . . .        q - +0 leather armour
rPois   .            c - +0 helmet
rElec   .            (no cloak)
rCorr   .            (no gloves)
SInv    .            (no boots)
Will    .....        (amulet unavailable)
Stlth   +            (ring unavailable)
HPRegen 0.29/turn    (ring unavailable)
MPRegen 0.10/turn    (no gizmo)

%: no passive effects
@: mighty, on berserk cooldown
A: off-hand wielding, slow wielding, warmup strikes, no jewellery, robust 1
a: Invent Gizmo


You were on level 4 of the Dungeon.
You visited 1 branch of the dungeon, and saw 4 of its levels.

You collected 182 gold pieces.

Inventory:

Hand Weapons
 a - a +0 flail (weapon) {Bianca}
 b - a +2 mace of protection (offhand) {Tae}
Missiles
 d - 3 throwing nets (quivered) {=f}
 e - a javelin
 i - 11 poisoned darts
Armour
 c - a +0 helmet (worn)
 q - a +0 leather armour (worn)
Wands
 v - a wand of light (13)
 y - a wand of flame (15)
Scrolls
 f - 3 scrolls of silence {unknown}
 g - 9 scrolls of identify {unknown}
 j - 4 scrolls of teleportation {unknown}
 k - a scroll of enchant armour {unknown}
 m - 2 scrolls of fog {unknown}
 o - 2 scrolls of blinking {unknown}
 s - a scroll of immolation {unknown}
 t - 2 scrolls of revelation {unknown}
 u - a scroll of torment {unknown}
 w - a scroll of summoning {unknown}
Potions
 h - 2 potions of mutation
 x - a potion of berserk rage {!q}
 z - a potion of magic {unknown}


   Skills:
 - Level 2.0 Fighting
 + Level 8.0 Maces & Flails
 - Level 1.7 Throwing
 - Level 2.6 Dodging


You had 6 spell levels left.
You didn't know any spells.
Your spell library contained the following spells:

 Spells                   Type           Power      Damage    Failure   Level
 Blink                    Tloc           0%         N/A       67%         2
 Lesser Beckoning         Tloc           0%         N/A       67%         2
 Momentum Strike          Conj/Tloc      0%         3d8       67%         2


Dungeon Overview and Level Annotations

Branches:
Dungeon (4/15)
 Temple: D:4-7

Altars:
Ashenzari


Innate Abilities, Weirdness & Mutations

You can wield a second weapon in your off-hand.
It takes a long time for you to wield or remove held weapons.
Your first few attacks do less damage.
You cannot equip rings or amulets.
You are robust. (+10% HP)


Message History

The orc wizard gestures at you while chanting.
The puff of flame hits you. The orc priest misses you.
It was a potion of mutation.
You feel extremely strange.
You feel robust.
You hear some strange, mumbled words.
A magic dart appears from out of thin air!
The magic dart hits you.
You hear some strange, mumbled words.
The orc wizard points at you and mumbles some strange words.
You are more confused.
The orc priest barely misses you.
It was a potion of berserk rage.
A red film seems to cover your vision as you go berserk!
You feel yourself moving faster!
You feel mighty!
The orc wizard mumbles some strange words.
The orc wizard flickers and vanishes!
Something hits you.
The orc priest hits you with a +0 dagger.
The orc priest shouts, "The Pantheon deserves no one's loyalty.
Let us show you the true path!" x2 (press Y on the ability menu to convert to Beogh)
You bump into the rock wall.
You feel a strong urge to attack something.
You hear some strange, mumbled words.
Something hits you but does no damage. Something hits you.
The orc priest hits you with a +0 dagger.
You sock the orc priest with your +0 flail!
You kill the orc priest!
Your Maces & Flails skill increases to level 8!
Unknown command.
You bump into the rock wall.
You hear some strange, mumbled words.
You are more confused.
Something hits you but does no damage.
You bump into the rock wall.
You feel a strong urge to attack something.
Something laughs crazily.
Something completely misses you.
Unknown command.
You feel your anger nearly subside.
You are no longer berserk.
You are exhausted.
You feel yourself slow down. Something hits you. x2
You hear some strange, mumbled words.
A magic dart appears from out of thin air!
The magic dart hits you. Something hits you.
You hit something with your +2 mace of protection.
Your weapon exudes an aura of protection.
You barely miss something with your +0 flail.
Something hits you but does no damage. x4
Something hits you. x3
* * * LOW HITPOINT WARNING * * *
Unknown command.
Okay, then.
You start resting.
Something hits you.
* * * LOW HITPOINT WARNING * * *
Something hits you but does no damage. x2
Something hits you but does no damage. x2; Something hits you.
* * * LOW HITPOINT WARNING * * *
You bump into the rock wall.
You feel less confused. Something hits you.
* * * LOW HITPOINT WARNING * * *
Something hits you but does no damage. x2
You sock something with your +2 mace of protection!
Your weapon exudes an aura of protection.
You miss something with your +0 flail.
You hear some strange, mumbled words.
A magic dart appears from out of thin air!
The magic dart hits you.
* * * LOW HITPOINT WARNING * * *
Something hits you.
* * * LOW HITPOINT WARNING * * *
Something hits you but does no damage.
Okay, then.
It was a potion of lignification.
You turn into a tree.
Your +0 helmet melds into your body.
Your +0 leather armour melds into your body.
Your roots penetrate the ground.
Something hits you but does no damage. x4
It was a potion of degeneration.
There was something very wrong with that liquid.
You feel weakened.
You feel dopey.
You feel clumsy.
Something hits you but does no damage. x3
You hear some strange, mumbled words.
You are confused.
Something hits you but does no damage.
It was a potion of cancellation.
Your magical effects are unravelling.
You feel magically purged.
You feel less wooden.
Your +0 helmet unmelds from your body.
Your +0 leather armour unmelds from your body.
You feel yourself speed up.
You feel less confused.
Something hits you but does no damage. x2
You hear some strange, mumbled words.
Something tries to affect you, but you resist.
Something barely misses you.
It was a potion of might.
You feel very mighty all of a sudden. Something hits you.
You die...

..##.#######.#...>##..#
..##.# #.###<.# ..##.#
#.###..#
..##.#######.#....#####.
........................
..##.#######..##..#####
####.# #..##..# #.#
##.##..# #.# #.##@{# #.#
#.##{{# #.# #.##..# #.#
#.##..# #.########.##..#
#..........##).#
##########.##..)......
#.##.........
#.##.########


There were no monsters in sight!

Vanquished Creatures
  A black bear (D:3)
  The ghost of december12 the Trooper, an amateur BaAr (D:3)
  A bullfrog (D:3)
  2 scorpions (D:4)
  A bombardier beetle (D:4)
  An orc priest (D:4)
  2 jellies
  Ijyb (D:3)
  Terence (D:2)
  8 adders
  2 dart slugs
  A ribbon worm (D:3)
  4 orcs
  5 bats
  8 endoplasms
  14 goblins
  11 hobgoblins
  7 jackals
  5 kobolds
  7 quokkas
  6 ball pythons
  2 frilled lizards (D:1)
  2 rats
93 creatures vanquished.

Notes
Turn   | Place    | Note
-------+----------+-------------------------------------------
     0 | D:1      | edsrzf the Coglin Gladiator began the quest for the Orb.
     0 | D:1      | Reached XP level 1. HP: 16/16 MP: 1/1
    83 | D:1      | Reached skill level 3 in Maces & Flails
   172 | D:1      | Reached XP level 2. HP: 22/22 MP: 2/2
   348 | D:1      | Upgraded the game from 0.32-a0-543-gefe9712 to
                  | 0.32-a0-569-g667c705
   477 | D:1      | Reached XP level 3. HP: 25/27 MP: 3/3
   858 | D:2      | Reached skill level 4 in Maces & Flails
  1075 | D:2      | Identified 2 potions of curing
  1091 | D:2      | Reached XP level 4. HP: 22/33 MP: 4/4
  1333 | D:2      | Noticed Terence
  1342 | D:2      | Killed Terence
  1726 | D:3      | Noticed a bullfrog
  1731 | D:3      | Killed a bullfrog
  1732 | D:3      | Reached skill level 5 in Maces & Flails
  1732 | D:3      | Reached XP level 5. HP: 36/38 MP: 5/5
  1742 | D:3      | Noticed a black bear
  1806 | D:3      | Killed a black bear
  1807 | D:3      | Reached skill level 6 in Maces & Flails
  1807 | D:3      | Reached XP level 6. HP: 28/44 MP: 6/6
  2224 | D:3      | Found a broken altar of Ashenzari.
  2508 | D:3      | Upgraded the game from 0.32-a0-569-g667c705 to
                  | 0.32-a0-644-ge89081b
  2529 | D:3      | Noticed Ijyb
  2539 | D:3      | Killed Ijyb
  2781 | D:3      | Found a runed translucent door.
  2783 | D:3      | Noticed december12's ghost (amateur BaAr)
  2799 | D:3      | Killed december12's ghost
  2800 | D:3      | Reached skill level 7 in Maces & Flails
  2800 | D:3      | Reached XP level 7. HP: 30/50 MP: 7/7
  3654 | D:4      | Identified 3 potions of mutation
  3654 | D:4      | Gained mutation: You are robust. (+10% HP) [potion of
                  | mutation]
  3655 | D:4      | Identified 2 potions of berserk rage
  3658 | D:4      | Reached skill level 8 in Maces & Flails
  3670 | D:4      | HP: 1/55 [something (3)]
  3671 | D:4      | Identified a potion of lignification
  3672 | D:4      | Identified a potion of degeneration
  3673 | D:4      | Identified a potion of cancellation
  3674 | D:4      | Identified a potion of might
  3674 | D:4      | Slain by an orc wizard

Illustrated notes

Levels and vault maps discovered:
D:1:      amcnicky_arrival_abandoned_market, layout_loops_cross,
          amcnicky_mini_rare_corridor_liquid, minivault_24,
          chequers_serial_rivers_large_a
D:2:      layout_basic, minmay_randomly_rotated_circles, uniq_terence
D:3:      kennysheep_goblin_castle, layout_loops_cross,
          nicolae_ashenzari_skybound, ebering_ghost_sewer_d
D:4:      layout_basic

Skill      XL: |  1  2  3  4  5  6  7 |
---------------+----------------------+-----
Maces & Flails | 3 4 5 6 7 8 |  8.0
Fighting       | |  2.0
Throwing       | |  1.7
Dodging        | |  2.6

Action                     |  1- 3 |  4- 6 |  7- 9 || total
---------------------------+-------+-------+-------++-------
  Melee: Flail             |   116 |   116 |    35 ||   267
         Whip              |       |    84 |       ||    84
         Mace              |       |    30 |    40 ||    70
  Throw: Dart              |       |     6 |       ||     6
    Use: Potion            |     2 |       |     6 ||     8
   Stab: Sleeping          |     2 |     3 |     2 ||     7
 Armour: Leather armour    |    84 |    67 |    43 ||   194
         Skin              |       |       |     8 ||     8
  Dodge: Dodged            |   109 |    79 |    20 ||   208

Table legend: (Time is in decaauts)
 A = Elapsed time spent in this place.
 B = Non-inter-level travel time spent in this place.
 C = Inter-level travel time spent in this place.
 D = Time resting spent in this place.
 E = Time spent auto-exploring this place.
 F = Levels seen in this place.
 G = Mean time per level.
                   A        B        C        D        E       F      G
               +--------+--------+--------+--------+--------+-----+--------+
         Total |   3720 |   3622 |     98 |    422 |   2338 |   4 |  930.0 |
       Dungeon |   3720 |   3622 |     98 |    422 |   2338 |   4 |  930.0 |
               +--------+--------+--------+--------+--------+-----+--------+

Top non-repeatable levels by time:
     D:3: 1305 daAuts
     D:1: 872 daAuts
     D:2: 830 daAuts
     D:4: 712 daAuts
